 Dungeon Crawl Stone Soup version 0.28.0-53-g5a82cb258f (webtiles) character file.

Game seed: 6632320291925260455

82 Zeld the Digger (level 4, -3/24 HPs)
             Began as a Gargoyle Earth Elementalist on May 22, 2022.
             Killed from afar by a white imp (10 damage)
             ... with a puff of frost
             ... on level 3 of the Dungeon.
             The game lasted 00:02:37 (1408 turns).

Zeld the Digger (Gargoyle Earth Elementalist)       Turns: 1408, Time: 00:02:37

Health: -3/24      AC:  6    Str: 11    XL:     4   Next: 43%
Magic:  4/8        EV: 12    Int: 18    God:
Gold:   39         SH:  0    Dex: 10    Spells: 2/8 levels left

rFire   . . .      SeeInvis .   (no weapon)
rCold   . . .      Faith    .   (no shield)
rNeg    + . .      Spirit   .   b - +0 robe
rPois   ∞          Reflect  .   (no helmet)
rElec   +          Harm     .   (no cloak)
rCorr   .          Rampage  .   i - +0 pair of gloves
Will    .....                   (no boots)
Stlth   ++........              (no amulet)
HPRegen 0.08/turn               (no ring)
MPRegen 0.11/turn               (no ring)

@: very slightly contaminated
A: sickness immunity, AC +3, negative energy resistance 1, electricity
resistance, torment resistance 1, petrification resistance
a: no special abilities


You were on level 3 of the Dungeon.
You visited 1 branch of the dungeon, and saw 4 of its levels.

You collected 96 gold pieces.
You spent 57 gold pieces at shops.

Inventory:

Missiles
 c - 72 stones
Armour
 b - a +0 robe (worn)
 i - a +0 pair of gloves (worn)
Scrolls
 f - a scroll of blinking {unknown}
 g - a scroll of vulnerability {unknown}
 h - a scroll of enchant armour {unknown}
 l - 2 scrolls of identify
Potions
 a - 2 potions of mutation {unknown}
 d - a potion of berserk rage {unknown}
 e - a potion of curing {unknown}
 j - a potion of degeneration {unknown}
 k - a potion of attraction {unknown}
 m - a potion of brilliance {unknown}
 n - 2 potions of heal wounds {unknown}


   Skills:
 + Level 2.0 Dodging
 - Level 2.1 Stealth
 * Level 2.9 Spellcasting
 + Level 1.4 Transmutations
 * Level 4.6 Earth Magic


You had 2 spell levels left.
You knew the following spells:

 Your Spells              Type           Power      Damage    Failure   Level
a - Sandblast             Erth           38%        2d10      2%          1
b - Passwall              Tmut/Erth      10%        N/A       7%          2
c - Stone Arrow           Conj/Erth      22%        3d8       19%         3

Your spell library contained the following spells:

 Spells                   Type           Power      Damage    Failure   Level
 Petrify                  Tmut/Erth      13%        N/A       43%         4


Dungeon Overview and Level Annotations

Branches:
Dungeon (4/15)
 Temple: D:4-7

Altars:

Shops:
D:2 (!*


Innate Abilities, Weirdness & Mutations

You are immune to sickness and miasma.
Your stone body is resilient. (AC +3)
You are immune to poison.
You resist negative energy. (rN+)
You are resistant to electric shocks. (rElec)
You are resistant to unholy torment.
You are immune to petrification.


Message History

You see here a frilled lizard corpse.
You see here a +0 club.
Casting: Sandblast (safe; 2% risk of failure)
Confirm with . or Enter, or press ? or * to list all spells.
Aiming: Sandblast (safe; 2% risk of failure)
Press: ? - help, Shift-Dir - straight line, f - white imp
Aim: a white imp (79% to hit)
The blast of sand misses the white imp.
c - 74 stones Unknown command.
Casting: Sandblast (safe; 2% risk of failure)
Confirm with . or Enter, or press ? or * to list all spells.
Aiming: Sandblast (safe; 2% risk of failure)
Press: ? - help, Shift-Dir - straight line, f/p - white imp
Aim: a white imp (79% to hit)
You miscast Sandblast.
You are very lightly contaminated with residual magic.
Nothing appears to happen.
Unknown command.
Casting: Sandblast (safe; 2% risk of failure)
Confirm with . or Enter, or press ? or * to list all spells.
Aiming: Sandblast (safe; 2% risk of failure)
Press: ? - help, Shift-Dir - straight line, f/p - white imp
Aim: a white imp (79% to hit)
The blast of sand misses the white imp.
c - 73 stones The white imp barely misses you.
Unknown command.
Casting: Sandblast (safe; 2% risk of failure)
Confirm with . or Enter, or press ? or * to list all spells.
Aiming: Sandblast (safe; 2% risk of failure)
Press: ? - help, Shift-Dir - straight line, f/p - white imp
Aim: a white imp (79% to hit)
The blast of sand hits the white imp!
The white imp is severely wounded.
c - 72 stones You hear the rusting of a drain nearby.
The white imp gestures at you. The puff of frost hits you!
You die...

.....# .....##
....... !......
....... ##.....#
######.5....#
#.##.#@#..#
#[###†....#
#.##<..#..#
###.÷..........
#...........####
#.####.####.#
#.# #.# .# #.#
#.# # #.# #.#


You could see a white imp.

Vanquished Creatures
  Jessica (D:2)
  3 adders
  A worm (D:2)
  A ball python (D:1)
  A bat (D:1)
  3 endoplasms
  2 giant cockroaches
  2 goblins
  2 hobgoblins (D:1)
  2 kobolds
  4 quokkas
  A frilled lizard (D:3)
  2 rats (D:2)
25 creatures vanquished.

Notes
Turn   | Place    | Note
-------+----------+-------------------------------------------
     0 | D:1      | Zeld the Gargoyle Earth Elementalist began the quest for
                  | the Orb.
     0 | D:1      | Reached XP level 1. HP: 10/10 MP: 3/3
   322 | D:1      | Reached XP level 2. HP: 15/15 MP: 3/5
   353 | D:1      | Reached skill level 1 in Transmutations
   356 | D:1      | Learned a level 2 spell: Passwall
   636 | D:2      | Found Juki's Antique Weapon Shop.
   644 | D:2      | Reached skill level 4 in Earth Magic
   703 | D:2      | Reached XP level 3. HP: 19/19 MP: 3/6
   707 | D:2      | Learned a level 3 spell: Stone Arrow
   836 | D:2      | Noticed Jessica
   846 | D:2      | Killed Jessica
   847 | D:2      | Reached XP level 4. HP: 14/24 MP: 0/8
   998 | D:2      | Found Jufanari's General Store.
  1006 | D:2      | Bought a scroll of identify for 28 gold pieces
  1006 | D:2      | Bought 21 stones for 29 gold pieces
  1058 | D:2      | Found Omop's Distillery.
  1126 | D:2      | Found a faded altar of an unknown god.
  1276 | D:3      | You fall into a shaft and drop 1 floor!
  1343 | D:4      | Noticed a centaur
  1408 | D:3      | Killed from afar by a white imp

Illustrated notes

Levels and vault maps discovered:
D:1:      mrwooster_arrival_statue_3, layout_rooms,
          nicolae_concentric_dashed_squares_mild
D:2:      layout_rooms, serial_shops, shop, nicolae_shop_statue_plus,
          nicolae_shop_stone, ebering_ecumenical_altar_petrified, uniq_jessica
D:3:      layout_loops_ring, lemuel_round_altar, gup_sewer_entry_spiral,
          grunt_ministairs_9
D:4:      layout_gridville, minivault_25

Skill      XL: |  1  2  3 |
---------------+----------+-----
Transmutations | 1 |  1.4
Earth Magic    | 4 |  4.6
Dodging        | 2 |  2.0
Stealth        | |  2.1
Spellcasting   | |  2.9

Action                   |  1- 3 |  4- 6 || total
-------------------------+-------+-------++-------
Melee: Unarmed           |     9 |       ||     9
 Cast: Sandblast         |    30 |    15 ||    45
Armor: Robe              |     3 |     5 ||     8
Dodge: Dodged            |     5 |     6 ||    11
